 Dungeon Crawl Stone Soup version 0.31-a0-788-ga445dbd2db (webtiles) character file.

Game seed: 5684410718233686353

329 Descartes the Shield-Bearer (level 6, -5/50 HPs)
             Began as a Formicid Fighter on Sept 18, 2023.
             Was an Initiate of Gozag.
             Slain by an ogre
             ... wielding a +0 giant spiked club
              (16 damage)
             ... on level 4 of the Dungeon.
             The game lasted 00:03:49 (2952 turns).

Descartes the Shield-Bearer (Formicid Fighter)      Turns: 2952, Time: 00:03:50

Health: -5/50      AC:  6    Str: 21    XL:     6   Next: 80%
Magic:  6/6        EV: 10    Int:  7    God:    Gozag
Gold:   238        SH:  5    Dex: 15    Spells: 5/5 levels left

rFire   + . .        a - +0 war axe
rCold   . . .        c - +0 buckler
rNeg    . . .        y - +0 ring mail {rF+}
rPois   .            (helmet unavailable)
rElec   .            (no cloak)
rCorr   .            (no gloves)
SInv    +            (no boots)
Will    .....        (no amulet)
Stlth   +            (no ring)
HPRegen 0.28/turn    (no ring)
MPRegen 0.10/turn

%: no passive effects
@: no status effects
A: permanent stasis, dig shafts and tunnels, antennae 3, four strong arms
a: Dig, Shaft Self, Renounce Religion, Potion Petition, Call Merchant, Bribe
Branch


You were on level 4 of the Dungeon.
You worshipped Gozag.
Gozag was aware of your devotion.
You visited 2 branches of the dungeon, and saw 6 of its levels.

You collected 304 gold pieces.
You paid 66 gold pieces to Gozag.

Inventory:

Hand Weapons
 a - a +0 war axe (weapon)
 r - a +2 sling of flaming
Missiles
 j - 5 atropa-tipped darts
Armour
 b - a +0 scale mail
 c - a +0 buckler (worn)
 x - a +0 chain mail
 y - a +0 ring mail of fire resistance (worn)
Jewellery
 f - an amulet of magic regeneration
Wands
 p - a wand of paralysis (8)
Scrolls
 k - 6 scrolls of identify {unknown}
 l - a scroll of teleportation {unknown}
 m - a scroll of fog {unknown}
 o - a scroll of enchant weapon {unknown}
 q - a scroll of immolation {unknown}
 s - a scroll of noise {unknown}
 t - a scroll of vulnerability {unknown}
 u - a scroll of torment {unknown}
 v - a scroll of silence {unknown}
 w - 3 scrolls of poison {unknown}
Potions
 d - 2 potions of might
 e - 3 potions of heal wounds {unknown}
 g - a potion of degeneration {unknown}
 h - 4 potions of curing {unknown}
 i - a potion of cancellation {unknown}
 n - a potion of lignification {unknown}


   Skills:
 + Level 4.8 Fighting
 + Level 3.6 Axes
 + Level 4.8 Armour
 + Level 5.8 Shields


You had 5 spell levels left.
You didn't know any spells.
Your spell library contained the following spells:

 Spells                   Type           Power      Damage    Failure   Level
 Lesser Beckoning         Tloc           0%         N/A       80%         2
 Momentum Strike          Conj/Tloc      0%         3d8       80%         2
 Blink                    Tloc           Unusable   N/A       N/A         2

Dungeon Overview and Level Annotations

Branches:
Dungeon (5/15)             Temple (1/1) D:4

Altars:
Ashenzari
Cheibriados
Dithmenos
Fedhas
Gozag
Hepliaklqana
Kikubaaqudgha
Makhleb
Qazlal
Ru
Trog
Uskayaw
Vehumet
Wu Jian
Xom
Zin
The Shining One


Innate Abilities, Weirdness & Mutations

You cannot be hasted, slowed, berserked, paralysed or teleported.
You can dig through walls and to a lower floor.
You have a pair of large antennae on your head. (SInv)
Your four strong arms can wield two-handed weapons with a shield.


Message History

There is a stone staircase leading up here.
Done exploring.
There is a stone staircase leading down here.
You climb downwards.
The ogre shouts!
Found five items.
There is a stone staircase leading up here.
There are monsters nearby!
You slash the ogre!
The ogre is moderately wounded.
The ogre hits you with a +0 giant spiked club!!
The hound bites you but does no damage.
You slash the ogre!
The ogre is severely wounded.
You hit the hound. You block the hound's attack. The hound bites you.
The ogre barely misses you.
You hit the ogre but do no damage.
The ogre is severely wounded.
You barely miss the hound. The hound bites you. x2
The ogre hits you with a +0 giant spiked club!
* * * LOW HITPOINT WARNING * * *
You are too injured to fight recklessly!
You are too injured to fight recklessly!
You are too injured to fight recklessly!
You are too injured to fight recklessly!
You are too injured to fight recklessly!
You are too injured to fight recklessly!
You are too injured to fight recklessly!
You are too injured to fight recklessly!
Unknown command.
Unknown command.
The hound barely misses you.
You climb upwards.
There is a stone staircase leading down here.
You hit the ogre but do no damage.
The ogre is severely wounded.
You hit the hound. The hound bites you but does no damage.
The ogre hits you with a +0 giant spiked club!
You die...
Your body crumbles into a pile of gold.

#.### #..#........#######
..#.# ##..##.....###
#...###....##.....#
#............#....#
......)......##...#
.............######
.............####
..<....####...#O##
.......# #....h@#
.......####..#...#
.........###.#..##
.....###.........##
....####.....###..#
.....##....#...#.#########
....###..####..#.........#
#...###.....(....#.......#
#....##...#......#.......#


You could see an ogre and a hound.

Vanquished Creatures
  Sigmund (D:4)
  A hound (D:4)
  Jessica (D:3)
  A sleepcap (D:4)
  4 adders
  A worm (D:2)
  2 dart slugs
  An orc (D:3)
  4 endoplasms
  A giant cockroach (D:3)
  8 goblins
  6 hobgoblins
  4 quokkas
  8 ball pythons
  5 bats
  4 frilled lizards
  6 kobolds
  3 rats (D:1)
61 creatures vanquished.

Notes
Turn   | Place    | Note
-------+----------+-------------------------------------------
     0 | D:1      | Descartes the Formicid Fighter began the quest for the Orb.
     0 | D:1      | Reached XP level 1. HP: 18/18 MP: 1/1
    96 | D:1      | Reached XP level 2. HP: 10/24 MP: 2/2
   392 | D:1      | Found a faded altar of an unknown god.
   481 | D:1      | Reached XP level 3. HP: 27/29 MP: 3/3
  1236 | D:2      | Reached XP level 4. HP: 6/37 MP: 4/4
  1628 | D:3      | Found a hazy altar of Hepliaklqana.
  1673 | D:3      | Noticed Jessica
  1680 | D:3      | Killed Jessica
  1729 | D:3      | Reached XP level 5. HP: 41/42 MP: 5/5
  1850 | D:3      | Reached skill level 5 in Shields
  2057 | D:4      | Found a staircase to the Ecumenical Temple.
  2066 | Temple   | Entered the Ecumenical Temple
  2073 | Temple   | Became a worshipper of Gozag Ym Sagoz the Greedy
  2166 | D:4      | Found a sacrificial altar of Ru.
  2321 | D:4      | Noticed Sigmund
  2329 | D:4      | Killed Sigmund
  2330 | D:4      | Reached XP level 6. HP: 42/49 MP: 6/6
  2946 | D:5      | Entered Level 5 of the Dungeon
  2946 | D:5      | Noticed an ogre
  2952 | D:4      | Slain by an ogre

Illustrated notes

Levels and vault maps discovered:
D:1:      lemuel_arrival_tunnels, layout_basic,
          hellmonk_ecumenical_altar_leap_of_faith, minmay_vboxes
D:2:      layout_loops_ring
D:3:      layout_rooms, mainiacjoe_overflow_paths, corexii_shack,
          minmay_misc_feat_square, chequers_mini_garden, uniq_jessica
D:4:      layout_cave_pools, hangedman_ru_absence, temple_hall,
          palyth_stone_intersect, grunt_ministairs_3, minmay_diced_spiral,
          uniq_sigmund
D:5:      layout_basic, mainiacjoe_overflow_catwalk_spiral
Temple:   nicolae_temple_no_exploring_needed

Skill      XL: |  1  2  3  4  5 |
---------------+----------------+-----
Fighting       | 4 |  4.8
Armour         | 4 |  4.8
Shields        | 5 |  5.8
Axes           | 3 |  3.6

Action                     |  1- 3 |  4- 6 || total
---------------------------+-------+-------++-------
  Melee: War axe           |    98 |    80 ||   178
 Armour: Scale mail        |    90 |    42 ||   132
         Ring mail         |       |     8 ||     8
  Dodge: Dodged            |    52 |    41 ||    93
  Block: Buckler           |    37 |    17 ||    54

Table legend: (Time is in decaauts)
 A = Elapsed time spent in this place.
 B = Non-inter-level travel time spent in this place.
 C = Inter-level travel time spent in this place.
 D = Time resting spent in this place.
 E = Time spent auto-exploring this place.
 F = Levels seen in this place.
 G = Mean time per level.
                   A        B        C        D        E       F      G
               +--------+--------+--------+--------+--------+-----+--------+
         Total |   3025 |   2772 |    253 |      0 |   2247 |   6 |  504.2 |
       Dungeon |   3011 |   2758 |    253 |      0 |   2247 |   5 |  602.2 |
        Temple |     14 |     14 |      0 |      0 |      0 |   1 |   14.0 |
               +--------+--------+--------+--------+--------+-----+--------+

Top non-repeatable levels by time:
     D:2: 942 daAuts
     D:4: 802 daAuts
     D:1: 792 daAuts
     D:3: 467 daAuts
  Temple: 14 daAuts
     D:5: 6 daAuts
